 Dungeon Crawl Stone Soup version 0.30-a0-719-gcc4359ea44 (webtiles) character file.

Game seed: 16192491958125589649

259 Absynth the Stinger (level 5, -3/37 HPs)
             Began as a Demonspawn Transmuter on Jan 26, 2023.
             Killed from afar by an orc wizard (10 damage)
             ... with a magic dart
             ... on level 3 of the Dungeon.
             The game lasted 00:09:11 (3022 turns).

Absynth the Stinger (Demonspawn Transmuter)         Turns: 3022, Time: 00:09:12

Health: -3/37      AC:  2    Str: 10    XL:     5   Next: 95%
Magic:  4/8        EV: 12    Int: 16    God:
Gold:   100        SH:  0    Dex: 16    Spells: 2/8 levels left

rFire   . . .      SeeInvis .      - Unarmed
rCold   . . .      Faith    .    (no shield)
rNeg    . . .      Spirit   .    a - +0 robe
rPois   .          Reflect  .    (helmet currently unavailable)
rElec   .          Harm     .    (no cloak)
rCorr   .          Rampage  .    (no gloves)
Will    .....                    (boots currently unavailable)
Stlth   +++                      (no amulet)
HPRegen 0.26/turn                (no ring)
MPRegen 0.11/turn                (no ring)

@: appendages (expiring)
A: horns 2, talons 2, thin skeletal structure 1, demonic guardian 1
a: End Transformation


You were on level 3 of the Dungeon.
You had temporarily grown beastly horns and talons.
You visited 1 branch of the dungeon, and saw 4 of its levels.

You collected 100 gold pieces.

Inventory:

Armour
 a - a +0 robe (worn)
Jewellery
 h - a ring of ice
Scrolls
 d - 5 scrolls of identify {unknown}
 e - a scroll of fear {unknown}
 f - a scroll of teleportation {unknown}
 j - a scroll of enchant weapon {unknown}
 n - a scroll of amnesia {unknown}
Potions
 b - a potion of lignification
 c - a potion of haste {unknown}
 g - 6 potions of curing {unknown}
 i - a potion of attraction {unknown}
 k - 3 potions of heal wounds {unknown}
 l - a potion of mutation {unknown}
 m - 2 potions of might {unknown}


   Skills:
 - Level 1.5 Fighting
 - Level 2.2 Dodging
 - Level 0.6 Stealth
 - Level 3.4 Unarmed Combat
 - Level 2.3 Spellcasting
 - Level 2.7 Transmutations
 + Level 3.9 Poison Magic


You had 2 spell levels left.
You knew the following spells:

 Your Spells              Type           Power      Damage    Failure   Level
a - Beastly Appendage     Tmut           20%        N/A       7%          1
s - Spider Form           Tmut/Pois      12%        N/A       16%         3
w - Wereblood             Tmut           10%        N/A       10%         2

Your spell library contained the following spells:

 Spells                   Type           Power      Damage    Failure   Level
 Ice Form                 Ice/Tmut       6%         N/A       75%         4
 Chain Lightning          Conj/Air       0%         2d1       100%        9
 Fire Storm               Conj/Fire      0%         6d1       100%        9
 Shatter                  Erth           0%         3d5*      100%        9


Dungeon Overview and Level Annotations

Branches:
Dungeon (4/15)
 Temple: D:4-7

Altars:
Kikubaaqudgha


Innate Abilities, Weirdness & Mutations

You have temporarily grown beastly horns and talons.
You have a somewhat thin skeletal structure. (Dex +2, Stealth+)
A weak demonic guardian rushes to your aid.


Message History

The magic dart hits you!
The orc wizard attacks as you move away!
The orc wizard closely misses you.
The orc wizard casts a spell.
The orc wizard flickers and vanishes!
Deactivating autopickup; reactivate with Ctrl-A.
The orc wizard attacks as you move away!
The orc wizard hits you with a +0 dagger.
Your magical contamination has completely faded away.
There is a stone staircase leading up here.
The orc wizard gestures wildly while chanting.
The orc wizard flickers and vanishes!
You climb upwards.
Reactivating autopickup.
There is a stone staircase leading down here.
Casting: Spider Form (quite dangerous; 16% risk of failure)
Confirm with . or Enter, or press ? or * to list all spells.
You grow a pair of large bovine horns.
Your feet morph into talons.
Something hits you.
Deactivating autopickup; reactivate with Ctrl-A.
You closely miss something. Your kick misses something. You hit something.
Your kick misses something.
You hear some strange, mumbled words.
Something tries to affect you, but you resist.
You hit something. Something hits you.
You closely miss something. Your kick misses something.
You hear some strange, mumbled words.
A magic dart appears from out of thin air!
The magic dart hits you!
* * * LOW HITPOINT WARNING * * *
You miss something. Your kick misses something.
Your transformation is almost over.
Something hits you.
* * * LOW HITPOINT WARNING * * *
A demonic guardian appears!
You miss something.
You hear some strange, mumbled words.
A magic dart appears from out of thin air!
The magic dart hits you!
You die...

.# #..........#...........#
.####..........#...........#
...............#...........#
.###..)....................# .#
##..........#..........## .#
#..........##........## .#
#.)........#..........#
.####<.........#.{5.[.....#
...............#@.........#
######....................## ###
# ##.................##.###.##
###...............#........
#...........[.....##.###. ##
#............(.##รท#..)...
.########..............##...##.##
.......................##.#.#....
.#########............##..#...##.


You could see a friendly white imp (summoned).

Vanquished Creatures
  A hound (D:2)
  Jessica (D:3)
  3 gnolls
  4 adders
  A shadow imp (D:3)
  A worm (D:2)
  5 orcs
  7 ball pythons
  3 bats
  6 endoplasms
  A giant cockroach (D:1)
  5 goblins
  13 hobgoblins
  7 jackals
  5 kobolds
  5 quokkas
  9 frilled lizards
  7 rats
84 creatures vanquished.

Vanquished Creatures (collateral kills)
  An orc wizard (D:3)
  A gnoll (D:3)
2 creatures vanquished.

Grand Total: 86 creatures vanquished

Notes
Turn   | Place    | Note
-------+----------+-------------------------------------------
     0 | D:1      | Absynth the Demonspawn Transmuter began the quest for the
                  | Orb.
     0 | D:1      | Reached XP level 1. HP: 15/15 MP: 3/3
   145 | D:1      | Gained mutation: You have a somewhat thin skeletal
                  | structure. (Dex +2, Stealth+) [demonic ancestry]
   145 | D:1      | Reached XP level 2. HP: 16/21 MP: 3/5
   465 | D:1      | Reached XP level 3. HP: 25/26 MP: 6/6
   636 | D:1      | Found a faded altar of an unknown god.
  1009 | D:2      | Found an ancient bone altar of Kikubaaqudgha.
  1243 | D:2      | Gained mutation: A weak demonic guardian rushes to your
                  | aid. [demonic ancestry]
  1243 | D:2      | Reached XP level 4. HP: 32/32 MP: 4/7
  1741 | D:2      | Learned a level 2 spell: Wereblood
  1745 | D:2      | Learned a level 3 spell: Spider Form
  1893 | D:3      | Reached skill level 1 in Poison Magic
  2012 | D:2      | Reached XP level 5. HP: 28/37 MP: 6/8
  2531 | D:3      | Noticed Jessica
  2546 | D:3      | Killed Jessica
  3022 | D:3      | Killed from afar by an orc wizard

Illustrated notes

Levels and vault maps discovered:
D:1:      lightli_arrival_chessboard, layout_loops_ring,
          shapermc_ecumenical_altar_flowoftime, minmay_lizard_pond
D:2:      layout_basic, basic_altar, st_stairs_14
D:3:      layout_rooms, nicolae_concentric_dashed_squares_wild,
          minmay_misc_feat_square, minmay_misc_feat_encased, hex_large,
          uniq_jessica
D:4:      layout_loops_cross, mainiacjoe_overflow_brackets,
          minmay_temple_entry_mini_moons, palyth_stone_intersect,
          nicolae_shop_self_help

Skill      XL: |  1  2  3  4  5 |
---------------+----------------+-----
Transmutations | 2 |  2.7
Unarmed Combat | 3 |  3.4
Dodging        | 2 |  2.2
Poison Magic   | 2 3 |  3.9
Fighting       | |  1.5
Stealth        | |  0.6
Spellcasting   | |  2.3

Action                     |  1- 3 |  4- 6 || total
---------------------------+-------+-------++-------
  Melee: Unarmed           |   124 |   104 ||   228
         Kick              |    23 |    15 ||    38
         Headbutt          |    11 |    19 ||    30
         Punch             |     1 |     3 ||     4
   Cast: Beastly Appendage |    26 |    20 ||    46
         Spider Form       |       |     3 ||     3
   Stab: Sleeping          |     4 |     9 ||    13
 Armour: Robe              |    27 |     7 ||    34
         Skin              |       |     1 ||     1
  Dodge: Dodged            |    84 |    64 ||   148

Table legend: (Time is in decaauts)
 A = Elapsed time spent in this place.
 B = Non-inter-level travel time spent in this place.
 C = Inter-level travel time spent in this place.
 D = Time resting spent in this place.
 E = Time spent auto-exploring this place.
 F = Levels seen in this place.
 G = Mean time per level.
                   A        B        C        D        E       F      G
               +--------+--------+--------+--------+--------+-----+--------+
         Total |   3015 |   2895 |    120 |    513 |   1638 |   4 |  753.8 |
       Dungeon |   3015 |   2895 |    120 |    513 |   1638 |   4 |  753.8 |
               +--------+--------+--------+--------+--------+-----+--------+

Top non-repeatable levels by time:
     D:2: 1253 daAuts
     D:1: 916 daAuts
     D:3: 790 daAuts
     D:4: 54 daAuts
